 Dungeon Crawl Stone Soup version 0.25-a0-339-gb37b713d4c (webtiles) character file.

Game seed: 4280537103889418487, levelgen mode: classic

113 EnegeticOcto the Firebug (level 4, -11/21 HPs)
             Began as a Vine Stalker Fire Elementalist on Dec 28, 2019.
             Was an Initiate of Vehumet.
             Killed by divine providence
             ... invoked by an orc priest
              (15 damage)
             ... on level 4 of the Dungeon.
             The game lasted 00:07:22 (3577 turns).

EnegeticOcto the Firebug (VSFE)                     Turns: 3577, Time: 00:07:22

Health: -11/21     AC:  2    Str: 11    XL:     4   Next: 96%
Magic:  0/8        EV: 12    Int: 18    God:    Vehumet [......]
Gold:   104        SH:  0    Dex: 14    Spells: 3/8 levels left

rFire    . . .     SeeInvis .   f - staff of energy
rCold    . . .     Gourm    .   (no shield)
rNeg     . . .     Faith    .   a - +0 robe
rPois    .         Spirit   +   (no helmet)
rElec    .         Reflect  .   (no cloak)
rCorr    .         Harm     .   (no gloves)
MR       .....                  (no boots)
Stlth    ++........             (no amulet)
HPRegen  0.47/turn              b - +2 ring of intelligence
MPRegen  0.11/turn              (no ring)

@: no status effects
A: fangs 2, regeneration 1, magic shield, antimagic bite, no potion heal 3, rot
immunity
a: Renounce Religion


You were on level 4 of the Dungeon.
You worshipped Vehumet.
Vehumet was noncommittal.
You were not hungry.

You visited 1 branch of the dungeon, and saw 4 of its levels.

You collected 104 gold pieces.

Inventory:

Hand Weapons
 d - a +0 dagger
Armour
 a - a +0 robe (worn)
 j - a +0 ring mail
Magical Staves
 f - an uncursed staff of energy (weapon)
Jewellery
 b - a +2 ring of intelligence (left hand)
Scrolls
 c - a scroll of enchant weapon {unknown}
 k - a scroll of magic mapping {unknown}
 l - a scroll of blinking {unknown}
 n - a scroll of random uselessness {unknown}
 o - a scroll of noise {unknown}
 p - a scroll of remove curse {@r2}
 s - a scroll of fog {unknown}
Potions
 g - a potion of curing {@q1 !q}
 h - a potion of haste {@q4 !q}
 i - a potion of brilliance
 m - a potion of lignification {@q6}
 q - a potion of heal wounds {unknown}
Comestibles
 e - 5 rations
 r - 2 chunks of flesh


   Skills:
 - Level 1.5 Dodging
 - Level 3.1 Stealth
 + Level 2.6 Spellcasting
 * Level 3.5 Conjurations
 - Level 3.5 Fire Magic


You had 3 spell levels left.
You knew the following spells:

 Your Spells              Type           Power        Failure   Level  Hunger
a - Magic Dart            Conj           ###.         4%          1    None
b - Conjure Flame         Conj/Fire      ###.....     12%         3    None
c - Foxfire               Conj/Fire      ###.         4%          1    None

Your spell library contained the following spells:

 Spells                   Type           Power        Failure   Level  Hunger
 Searing Ray              Conj           ###...       6%          2    None
 Dazzling Flash           Conj/Hex       #.....       24%         3    None
 Inner Flame              Hex/Fire       #.......     24%         3    None
 Sticky Flame             Conj/Fire      ###.....     36%         4    None
 Fulminant Prism          Conj/Hex       #.........   63%         4    None
 Iskenderun's Mystic Bla  Conj/Tloc      #.......     63%         4    None
 Fireball                 Conj/Fire      ###.......   73%         5    None


Dungeon Overview and Level Annotations

Branches:
Dungeon (4/15)
 Temple: D:4-7

Altars:
Ashenzari
Cheibriados
Dithmenos
Kikubaaqudgha
Nemelex Xobeh
Sif Muna
Vehumet
Xom
The Shining One


Innate Abilities, Weirdness & Mutations

You have extremely sharp teeth.
Your natural rate of healing is unusually fast.
When hurt, damage is shared between your health and your magic reserves.
Your bite disrupts and absorbs the magic of your enemies.
Potions cannot restore your health.
You are immune to rotting.


Message History

You kill the orc!
Vehumet accepts your kill.
The foxfire hits the bullfrog skeleton.
The bullfrog skeleton is almost destroyed.
Evoke which item? (* to show all) (? for menu, Esc to quit)
Aiming: Scattershot
Press: ? - help, Shift-Dir - straight line, f/p - bullfrog skeleton
Aim: a bullfrog skeleton (almost destroyed)
The burst of metal fragments hits the bullfrog skeleton!
You destroy the bullfrog skeleton!
Vehumet accepts your kill.
The now-empty wand crumbles to dust.
Your magical contamination has completely faded away.
HP restored.
Magic restored.
Things that are here:
a cursed -2 club; an orc corpse You butcher the orc corpse.
r - 2 chunks of flesh
Things that are here:
a cursed -2 club; an orc skeleton
Things that are here:
a cursed -2 club; an orc skeleton
Found a rapier.
You now have 87 gold pieces (gained 12).
s - a scroll labeled YLAOXUOMONG You now have 104 gold pieces (gained 17).
You pick up a book of Conjurations and begin reading...
You add the spells Searing Ray, Dazzling Flash, Fulminant Prism and Iskenderun's Mystic Blast to your library.
An orc comes into view.
It is wielding a +2 short sword of venom.
Found a hunting sling.
An orc is nearby!
An orc is nearby!
Casting: Foxfire (safe; 4% risk of failure)
Confirm with . or Enter, or press ? or * to list all spells.
Aiming: Magic Dart (safe; 4% risk of failure)
Press: ? - help, Shift-Dir - straight line, f - orc
Aim: an orc, wielding a +2 short sword of venom (resting)
The magic dart hits the orc.
The orc is heavily wounded.
The orc shouts!
You hear a shout! x2
An orc priest comes into view. It is wielding a +0 vampiric falchion.
Casting: Magic Dart (safe; 4% risk of failure)
Confirm with . or Enter, or press ? or * to list all spells.
Aiming: Magic Dart (safe; 4% risk of failure)
Press: ? - help, Shift-Dir - straight line, f/p - orc
Aim: an orc, wielding a +2 short sword of venom (heavily wounded)
The magic dart hits the orc.
You kill the orc!
Vehumet accepts your kill.
The orc priest shouts!
An orc priest comes into view.
An orc comes into view. It is wielding a +0 hand axe.
The orc moves out of view.
Casting: Magic Dart (safe; 4% risk of failure)
Confirm with . or Enter, or press ? or * to list all spells.
You can't see any susceptible monsters within range! (Use Z to cast anyway.)
Casting: Magic Dart (safe; 4% risk of failure)
Confirm with . or Enter, or press ? or * to list all spells.
Aiming: Magic Dart (safe; 4% risk of failure)
Press: ? - help, Shift-Dir - straight line, f - orc priest
Aim: an orc priest, wearing a +0 ring mail The magic dart hits the orc priest but does no damage.
The orc priest invokes the aid of Beogh against you.
Beogh smites you!
You hear a shout!
Casting: Magic Dart (safe; 4% risk of failure)
Confirm with . or Enter, or press ? or * to list all spells.
You conjure some foxfire!
The orc priest looks braver for a moment.
The foxfire hits the orc priest.
The orc priest is moderately wounded.
The foxfire hits the orc priest but does no damage.
The orc priest is moderately wounded.
Casting: Foxfire (safe; 4% risk of failure)
Confirm with . or Enter, or press ? or * to list all spells.
You conjure some foxfire!
The orc priest begins to cast a cantrip, but forgets the words!
The foxfire hits the orc priest but does no damage.
The orc priest is moderately wounded.
The foxfire hits the orc priest.
The orc priest is heavily wounded.
Casting: Foxfire (safe; 4% risk of failure)
Confirm with . or Enter, or press ? or * to list all spells.
You conjure some foxfire!
The foxfire hits the orc priest but does no damage.
The orc priest is heavily wounded.
The foxfire hits the orc priest.
The orc priest is heavily wounded.
Casting: Foxfire (safe; 4% risk of failure)
Confirm with . or Enter, or press ? or * to list all spells.
You conjure some foxfire!
The orc priest calls down the wrath of Beogh upon you.
Beogh smites you!
Ouch! That really hurt!
* * * LOW HITPOINT WARNING * * *
The orc priest invokes the aid of Beogh against you.
Beogh smites you!
Ouch! That really hurt!
You die...

..##.##..........#...#
..#.##.............#
#.#.##...........>.#
####.#...#..........#####
#................).......
##..o..................
#..##.........<..##...
#.o####...v.......# ##
..... #..o.@......#
#..###. #.....v....## ).
#. ##......(..# # #.
##........# #)
#.......... oo
............
##...)......# #........^.
#.........


You could see 2 orc priests.

Vanquished Creatures
  A bullfrog skeleton (D:4)
  A worm (D:2)
  2 dart slugs
  2 leopard geckos (D:1)
  3 orcs
  A giant cockroach (D:2)
  12 goblins
  11 hobgoblins
  2 jackals (D:2)
  11 bats
  3 frilled lizards
  7 kobolds
  10 rats
66 creatures vanquished.

Vanquished Creatures (others)
  109 foxfires
109 creatures vanquished.

Grand Total: 175 creatures vanquished

Notes
Turn   | Place    | Note
-------+----------+-------------------------------------------
     0 | D:1      | EnegeticOcto the Vine Stalker Fire Elementalist began the
                  | quest for the Orb.
     0 | D:1      | Reached XP level 1. HP: 9/9 MP: 4/4
   200 | D:1      | Reached XP level 2. HP: 13/13 MP: 3/6
   445 | D:1      | Reached XP level 3. HP: 14/16 MP: 2/7
  1212 | D:1      | Learned a level 3 spell: Conjure Flame
  1633 | D:2      | Found an ancient bone altar of Kikubaaqudgha.
  1638 | D:2      | Found a shimmering blue altar of Sif Muna.
  1643 | D:2      | Found a radiant altar of Vehumet.
  1649 | D:2      | Identified Vehumet's Tome of Conjuration
  1673 | D:2      | Became a worshipper of Vehumet
  1688 | D:2      | Learned a level 1 spell: Magic Dart
  1760 | D:2      | Found a shattered altar of Ashenzari.
  1783 | D:2      | Gained mutation: Your natural rate of healing is unusually
                  | fast. [Vine Stalker growth]
  1783 | D:2      | Reached XP level 4. HP: 21/21 MP: 3/8
  2098 | D:2      | Found a shadowy altar of Dithmenos.
  2098 | D:2      | Found a shimmering altar of Xom.
  2099 | D:2      | Found a sparkling altar of Nemelex Xobeh.
  2225 | D:2      | Found a snail-covered altar of Cheibriados.
  2676 | D:3      | Found a glowing golden altar of the Shining One.
  3469 | D:4      | HP: 1/21 [bullfrog skeleton (5)]
  3577 | D:4      | Killed from afar by an orc priest

Levels and vault maps discovered:
D:1:      psy_arrival_fountain, layout_basic
D:2:      layout_basic, grunt_temple_overflow_magic_moments,
          evilmike_ruin_ashenzari, nicolae_overflow_quartered_altars,
          serial_curves, eino_curves_02, eino_curves_03
D:3:      layout_basic, overflow_temple_1_default, minmay_puff
D:4:      layout_rooms, minmay_temple_entry_mini_moons

Skill      XL: |  1  2  3  4 |
---------------+-------------+-----
Stealth        | 3 |  3.1
Conjurations   | 2 3 |  3.5
Dodging        | |  1.5
Spellcasting   | |  2.6
Fire Magic     | |  3.5

Action                   |  1- 3 |  4- 6 || total
-------------------------+-------+-------++-------
Melee: Unarmed           |     8 |       ||     8
       Bite              |     2 |     2 ||     4
       Staff             |       |     3 ||     3
 Cast: Foxfire           |    62 |     9 ||    71
       Magic Dart        |    11 |    49 ||    60
       Conjure Flame     |     3 |     1 ||     4
Evoke: Wand              |       |     1 ||     1
  Use: Scroll            |     5 |     1 ||     6
  Eat: Chunk             |     4 |     2 ||     6
       Ration            |       |     1 ||     1
Armor: Robe              |    17 |     3 ||    20
Dodge: Dodged            |    33 |    15 ||    48

Table legend:
 A = Non-vault XP
 B = Vault XP
 C = Vault XP percentage of total XP
 D = Non-vault monster count
 E = Vault monster count
 F = Vault count percentage of total count
                 A         B        C        D         E       F
            +---------+---------+-------+---------+---------+-------
      Total |     149 |      13 |   8.0 |      61 |       5 |   7.6
            +---------+---------+-------+---------+---------+-------
        D:1 |      61 |       0 |   0.0 |      34 |       0 |   0.0
        D:2 |      29 |       0 |   0.0 |      17 |       0 |   0.0
        D:3 |      10 |      13 |  56.5 |       7 |       5 |  41.7
        D:4 |      49 |       0 |   0.0 |       3 |       0 |   0.0
            +---------+---------+-------+---------+---------+-------
